 Dungeon Crawl Stone Soup version 0.31-a0-167-g1c394c0614 (webtiles) character file.

Game seed: 17535320716709567590

582 qw the Shooter (level 7, -7/44 HPs)
             Began as a Gargoyle Hunter on June 14, 2023.
             Mangled by an ogre
             ... wielding a +0 giant club
              (21 damage)
             ... on level 5 of the Dungeon.
             The game lasted 00:01:09 (3290 turns).

qw the Shooter (Gargoyle Hunter)                    Turns: 3290, Time: 00:01:10

Health: -7/44      AC: 13    Str: 14    XL:     7   Next: 36%
Magic:  7/7        EV: 11    Int: 10    God:
Gold:   72         SH:  0    Dex: 15    Spells: 6/6 levels left

rFire   . . .        Y - +0 shortbow
rCold   . . .        (shield currently unavailable)
rNeg    + . .        o - +0 ring mail
rPois   inf          f - +2 hat
rElec   +            (no cloak)
rCorr   .            q - +0 pair of gloves
SInv    +            (no boots)
Will    .....        (no amulet)
Stlth   +            a - ring of see invisible
HPRegen 0.27/turn    (no ring)
MPRegen 0.10/turn

%: no passive effects
@: no status effects
A: sickness immunity, AC +4, negative energy resistance 1, electricity
resistance, torment resistance 1, petrification resistance
a: no special abilities


You were on level 5 of the Dungeon.
You visited 1 branch of the dungeon, and saw 5 of its levels.

You collected 259 gold pieces.
You spent 187 gold pieces at shops.


Innate Abilities, Weirdness & Mutations

You are immune to sickness and miasma.
Your stone body is resilient. (AC +4)
You are immune to poison.
You resist negative energy. (rN+)
You are resistant to electric shocks. (rElec)
You are resistant to unholy torment.
You are immune to petrification.


   Skills:
 - Level 4.4 Fighting
 + Level 7.5 Ranged Weapons
 - Level 2.4 Armour
 - Level 1.5 Dodging
 - Level 1.1 Stealth


You had 6 spell levels left.
You didn't know any spells.
Your spell library was empty.

Inventory:

Hand Weapons
 Y - a +0 shortbow (weapon)
Armour
 f - a +2 hat (worn)
 o - a +0 ring mail (worn)
 q - a +0 pair of gloves (worn)
Jewellery
 a - a ring of see invisible (left hand)
Scrolls
 i - a scroll of identify
 r - 2 scrolls of teleportation
Potions
 b - a potion of resistance
 c - a potion of lignification
 d - a potion of mutation {unknown}
 e - a potion of enlightenment {unknown}
 g - 3 potions of curing
 h - a potion of attraction
 j - a potion of magic
 k - a potion of invisibility {unknown}
 m - 2 potions of cancellation {unknown}
 p - a potion of heal wounds {unknown}

Dungeon Overview and Level Annotations

Branches:
Dungeon (5/15)
 Temple: D:4-7

Altars:
Trog
Vehumet

Shops:
D:4 (!=(


Message History

The ice beast is almost dead.
The ice beast misses you.
You shoot an arrow. The arrow hits the ice beast.
The ice beast is almost dead.
The ice beast hits you but does no damage.
You shoot an arrow. The arrow hits the ice beast.
You kill the ice beast!
You start resting.
HP restored.
d - a smoky coppery potion
Enter note:
Enter note:
Enter note: An ogre comes into view. It is wielding a +0 giant club.
The ogre shouts!
Enter note:
Enter note:
Enter note:
Enter note:
Enter note:
Enter note: You shoot an arrow.
The arrow hits the ogre.
The ogre is moderately wounded.
You shoot an arrow. The arrow hits the ogre.
The ogre is moderately wounded.
The ogre barely misses you.
You shoot an arrow. The arrow hits the ogre.
The ogre is heavily wounded.
The ogre hits you with a +0 giant club!!
Ouch! That really hurt!
You shoot an arrow.
The arrow hits the ogre but does no damage.
The ogre is heavily wounded.
The ogre hits you but does no damage.
You shoot an arrow. The arrow hits the ogre!
The ogre is almost dead.
You shoot an arrow. The arrow hits the ogre.
The ogre is almost dead.
The ogre hits you with a +0 giant club!!
You die...

####### #.....# #
##.###.# .#
#######...##.# #.##
........#....####O..####
#####.#...##....@..)....
.......#.###.####...####
#####.#...##.# #.##
.........# .#
.###...##.# # .. #.###.#
#. ## #.# ### #.# ##
###.##########


You could see an ogre.

Vanquished Creatures
  2 black bears (D:4)
  An ice beast (D:5)
  A phantom (D:5)
  A hound (D:4)
  A jelly (D:4)
  An orc priest (D:5)
  A sleepcap (D:4)
  An iguana (D:5)
  4 adders
  2 ufetubi
  2 worms (D:2)
  A dart slug (D:2)
  4 orcs
  3 ball pythons
  A bat (D:1)
  4 endoplasms
  2 giant cockroaches
  3 goblins
  3 hobgoblins
  3 quokkas
  5 frilled lizards
  6 kobolds
  4 rats
56 creatures vanquished.

Notes
Turn   | Place    | Note
-------+----------+-------------------------------------------
     0 | D:1      | qw the Gargoyle Hunter began the quest for the Orb.
     0 | D:1      | Reached XP level 1. HP: 12/12 MP: 1/1
     0 | D:1      | 0 ||| qw: Version: 0.2-a-29-g1fa15c8
     0 | D:1      | 0 ||| qw: Game counter: 5004
     0 | D:1      | 0 ||| qw: Always use a shield: true
     0 | D:1      | 0 ||| qw: God list: Okawaru
     0 | D:1      | 0 ||| qw: Allow faded altars: false
     0 | D:1      | 0 ||| qw: Do Orc after D:15 true
     0 | D:1      | 0 ||| qw: Do second Lair branch before Depths: true
     0 | D:1      | 0 ||| qw: Lair rune preference: random
     0 | D:1      | 0 ||| qw: Plans: Normal, Zot:1-4, Slime:5, God:TSO, Crypt,
                  | Tomb, Abyss, Pan, Hells, Win
     0 | D:1      | 0 ||| PLANNING D:1-11
    81 | D:1      | Reached XP level 2. HP: 14/17 MP: 2/2
   178 | D:1      | Found a faded altar of an unknown god.
   439 | D:1      | 439 ||| UPGRADING to +2 hat.
   444 | D:1      | 444 ||| READING scroll labelled IXUSTUXTOPARO.
   445 | D:1      | 445 ||| READING scroll labelled AXOCINKAIN.
   446 | D:1      | 446 ||| DROPPING scroll of butterflies.
   719 | D:2      | HP: 1/17 [orc/+0 flail (5)]
   721 | D:2      | Reached XP level 3. HP: 1/21 MP: 3/3
   787 | D:2      | Reached skill level 5 in Ranged Weapons
   839 | D:2      | 839 ||| Stepping ~*~*~tactically~*~*~ (water).
  1092 | D:2      | Found a radiant altar of Vehumet.
  1177 | D:2      | Reached skill level 3 in Fighting
  1456 | D:2      | 1456 ||| UPGRADING to ring of see invisible.
  1597 | D:3      | Reached XP level 4. HP: 28/28 MP: 4/4
  2162 | D:3      | 2162 ||| DROPPING amulet of magic regeneration.
  2163 | D:3      | 2163 ||| READING scroll labelled SICLOG NITYUPI.
  2206 | D:4      | Found Gerubb's Distillery.
  2210 | D:4      | 2210 ||| BUYING potion of attraction (33 gold).
  2210 | D:4      | Bought a potion of attraction for 33 gold pieces
  2210 | D:4      | 2210 ||| BUYING potion of curing (33 gold).
  2210 | D:4      | Bought a potion of curing for 33 gold pieces
  2210 | D:4      | 2210 ||| BUYING potion of curing (33 gold).
  2210 | D:4      | Bought a potion of curing for 33 gold pieces
  2210 | D:4      | 2210 ||| BUYING potion of magic (88 gold).
  2210 | D:4      | Bought a potion of magic for 88 gold pieces
  2210 | D:4      | 2210 ||| SHOPLISTING potion of resistance (110 gold, have
                  | 18).
  2242 | D:4      | Reached skill level 6 in Ranged Weapons
  2242 | D:4      | Reached XP level 5. HP: 29/32 MP: 5/5
  2254 | D:4      | Found Hosefel's Antique Weapon Boutique.
  2289 | D:4      | Noticed a black bear
  2302 | D:4      | Killed a black bear
  2303 | D:4      | Reached XP level 6. HP: 30/39 MP: 6/6
  2363 | D:4      | Found Seklyn Burph's Weapon Shoppe.
  2453 | D:4      | Found Sagues's Jewellery Boutique.
  2453 | D:4      | Noticed a black bear
  2461 | D:4      | Killed a black bear
  2504 | D:4      | 2504 ||| SHOPLISTING +5 ring of evasion (504 gold, have
                  | 53).
  2504 | D:4      | 2504 ||| SHOPLISTING ring of ice (350 gold, have 53).
  2504 | D:4      | 2504 ||| SHOPLISTING ring of protection from cold (350
                  | gold, have 53).
  2504 | D:4      | 2504 ||| SHOPLISTING ring of willpower (350 gold, have 53).
  2620 | D:4      | 2620 ||| UPGRADING to +0 ring mail.
  2630 | D:4      | 2630 ||| DROPPING +0 leather armour.
  2631 | D:4      | 2631 ||| UPGRADING to +0 pair of gloves.
  2636 | D:4      | 2636 ||| READING scroll labelled QER KEVOUJ.
  2637 | D:4      | 2637 ||| READING scroll labelled ZATYNK CESTOOT.
  2638 | D:4      | 2638 ||| READING 3 scrolls labelled ISAORH GOLAPH.
  2642 | D:4      | 2642 ||| DRINKING 2 smoky inky potions.
  2643 | D:4      | 2643 ||| READING 2 scrolls of identify.
  2643 | D:4      | 2643 ||| IDENTIFYING murky orange potion
  2644 | D:4      | 2644 ||| DROPPING potion of brilliance.
  2658 | D:5      | Entered Level 5 of the Dungeon
  2798 | D:5      | Reached XP level 7. HP: 29/44 MP: 7/7
  2980 | D:5      | Found a bloodstained altar of Trog.
  2983 | D:5      | 2983 ||| FLEEEEING.
  2986 | D:5      | 2986 ||| FLEEEEING.
  2994 | D:5      | 2994 ||| STAIRDANCE
  3026 | D:4      | 3026 ||| READING 2 scrolls of identify.
  3026 | D:4      | 3026 ||| IDENTIFYING bubbling golden potion
  3034 | D:5      | Reached skill level 7 in Ranged Weapons
  3290 | D:5      | Mangled by an ogre

Levels and vault maps discovered:
D:1:      lightli_arrival_chessboard, layout_rooms,
          dreamdust_ecumenical_altar_angels_and_demons
D:2:      wad_lake_hut, layout_basic, basic_altar, serial_forest,
          infiniplex_forest_lined_2, infiniplex_forest_diagonal,
          infiniplex_forest_side_room, infiniplex_forest_straight_2,
          infiniplex_forest_lined_3, infiniplex_forest_end_2,
          infiniplex_forest_lined_room_
D:3:      layout_loops_ring
D:4:      layout_gridville, serial_shops, nicolae_shop_statue_plus, shop, shop,
          nicolae_stop_n_shop_1
D:5:      layout_loops_ring, nicolae_overflow_hidden_temple, minmay_circle_x

Skill      XL: |  1  2  3  4  5  6  7 |
---------------+----------------------+-----
Ranged Weapons | 5 6 7 |  7.5
Fighting       | 3 4 |  4.4
Armour         | 2 |  2.4
Dodging        | |  1.5
Stealth        | |  1.1

Action                     |  1- 3 |  4- 6 |  7- 9 || total
---------------------------+-------+-------+-------++-------
   Fire: Shortbow          |   109 |    86 |    39 ||   234
    Use: Scroll            |     2 |     5 |     1 ||     8
         Potion            |       |     1 |       ||     1
 Armour: Leather armour    |    19 |    28 |       ||    47
         Ring mail         |       |     7 |    10 ||    17
  Dodge: Dodged            |    24 |    26 |     7 ||    57

Table legend:
 A = Non-vault XP
 B = Vault XP
 C = Vault XP percentage of total XP
 D = Non-vault monster count
 E = Vault monster count
 F = Vault count percentage of total count
                 A         B        C        D         E       F
            +---------+---------+-------+---------+---------+-------
      Total |     832 |       0 |   0.0 |      56 |       0 |   0.0
            +---------+---------+-------+---------+---------+-------
        D:1 |      20 |       0 |   0.0 |      13 |       0 |   0.0
        D:2 |      60 |       0 |   0.0 |      17 |       0 |   0.0
        D:3 |      24 |       0 |   0.0 |       7 |       0 |   0.0
        D:4 |     392 |       0 |   0.0 |      10 |       0 |   0.0
        D:5 |     336 |       0 |   0.0 |       9 |       0 |   0.0
            +---------+---------+-------+---------+---------+-------
